 Dungeon Crawl Stone Soup version 0.30.2 (webtiles) character file.

Game seed: 4142537166732062181

330 porpoise the Trooper (level 6, -1/50 HPs)
             Began as a Demonspawn Warper on Feb 17, 2024.
             Slain by a black bear (2 damage)
             ... on level 4 of the Dungeon.
             The game lasted 00:10:51 (3668 turns).

porpoise the Trooper (Demonspawn Warper)            Turns: 3668, Time: 00:10:51

Health: -1/50      AC:  3    Str: 14    XL:     6   Next: 26%
Magic:  9/9        EV: 16    Int: 14    God:
Gold:   204        SH:  0    Dex: 12    Spells: 4/9 levels left

rFire   . . .        a - +1 spear
rCold   . . .        (no shield)
rNeg    . . .        b - +0 leather armour
rPois   .            (helmet restricted)
rElec   .            (no cloak)
rCorr   .            (no gloves)
SInv    +            (no boots)
Will    .....        (no amulet)
Stlth   +            u - ring of see invisible
HPRegen 0.28/turn    (no ring)
MPRegen 0.11/turn

%: no passive effects
@: mighty, agile
A: horns 2, powered by pain 1
a: no special abilities


You were on level 4 of the Dungeon.
You visited 1 branch of the dungeon, and saw 4 of its levels.

You collected 204 gold pieces.

Inventory:

Hand Weapons
 a - a +1 spear (weapon)
Missiles
 d - 6 boomerangs of dispersal
 h - a poisoned dart (quivered)
Armour
 b - a +0 leather armour (worn)
Magical Staves
 n - a staff of poison
Jewellery
 u - a ring of see invisible (left hand)
Scrolls
 c - a scroll of blinking
 e - a scroll of silence
 i - a scroll of summoning
 m - a scroll of enchant weapon
 o - a scroll of amnesia
 q - a scroll of noise {unknown}
 r - a scroll of poison {unknown}
Potions
 f - a potion of mutation {unknown}
 g - a potion of brilliance
 j - a potion of haste
 k - a potion of curing
 l - a potion of heal wounds
 p - a potion of attraction
 s - 2 potions of flight
 v - a potion of resistance {unknown}


   Skills:
 + Level 4.9 Fighting
 + Level 4.4 Polearms
 - Level 0.8 Throwing
 - Level 0.8 Armour
 - Level 1.7 Dodging
 - Level 2.0 Spellcasting
 - Level 2.6 Translocations


You had 4 spell levels left.
You knew the following spells:

 Your Spells              Type           Power      Damage    Failure   Level
a - Vhi's Electric Charg  Tloc/Air       10%        N/A       45%         3
k - Blink                 Tloc           16%        N/A       14%         2

Your spell library contained the following spells:

 Spells                   Type           Power      Damage    Failure   Level
 Lesser Beckoning         Tloc           16%        N/A       14%         2
 Gell's Gravitas          Tloc           8%         N/A       28%         3
 Teleport Other           Tloc           8%         N/A       28%         3
 Manifold Assault         Tloc           8%         N/A       67%         4
 Dispersal                Tloc           4%         N/A       100%        6
 Disjunction              Tloc           4%         N/A       100%        8


Dungeon Overview and Level Annotations

Branches:
Dungeon (4/15)
 Temple: D:4-7

Altars:
Makhleb
Sif Muna
Trog

Annotations:
D:2 Sigmund


Innate Abilities, Weirdness & Mutations

You have a pair of horns on your head.
You sometimes gain a little power by taking damage.


Message History

Throw: 3 darts (poison)
Press: ? - help, Q - select action, (/) - cycle Shift-Dir - straight line, f - black bear
Aim: a black bear (67% to hit)
You throw a poisoned dart. The poisoned dart hits the black bear.
The black bear is poisoned.
Throw: 2 darts (poison)
Press: ? - help, Q - select action, (/) - cycle Shift-Dir - straight line, f/p - black bear
Aim: a black bear (poisoned, 67% to hit)
You throw a poisoned dart. The poisoned dart hits the black bear.
The black bear looks even sicker.
Unknown command.
You barely miss the black bear.
The black bear is lightly wounded.
The black bear bites you!
You focus on the pain.
You feel agile all of a sudden. The black bear claws you. x2
You hit the black bear. Your headbutt misses the black bear.
The black bear is lightly wounded.
The black bear misses you. The black bear barely misses you.
The black bear claws you.
You hit the black bear but do no damage.
The black bear is lightly wounded.
The black bear closely misses you. The black bear claws you.
The black bear closely misses you.
You hit the black bear. You headbutt the black bear!
The black bear is heavily wounded.
You hit the black bear.
You headbutt the black bear, but do no damage.
The black bear is severely wounded.
The black bear goes berserk!
You hit the black bear.
The black bear is almost dead.
The black bear bites you! The black bear misses you. The black bear claws you.
* * * LOW HITPOINT WARNING * * *
The black bear bites you!
* * * LOW HITPOINT WARNING * * *
You focus on the pain.
You feel very mighty all of a sudden. The black bear claws you.
You die...

#.#######.#
#.#.###....#....#
#...l....#.#..####
##
#....###$#.......#
...................#
....._[..h.....##.+
#.....##)#.......#
#.#####.#...###.#
#..@h((.#...###.#
#########.......#
##......# ##.#####
#.# #.# .# .# #.#
..... #.# #....
#.#####


You could see a black bear (berserk, poisoned).

Vanquished Creatures
  A hound (D:4)
  Ijyb (D:3)
  An iguana (D:4)
  3 orc wizards
  7 adders
  4 gnolls (D:3)
  A worm (D:2)
  3 dart slugs
  2 orcs (D:3)
  7 ball pythons
  4 endoplasms
  A giant cockroach (D:2)
  5 goblins
  11 hobgoblins
  3 jackals (D:3)
  10 kobolds
  3 quokkas
  A bat (D:1)
  8 frilled lizards
  8 rats
84 creatures vanquished.

Notes
Turn   | Place    | Note
-------+----------+-------------------------------------------
     0 | D:1      | porpoise the Demonspawn Warper began the quest for the Orb.
     0 | D:1      | Reached XP level 1. HP: 16/16 MP: 3/3
   167 | D:1      | Gained mutation: You have a pair of small horns on your
                  | head. [demonic ancestry]
   167 | D:1      | Reached XP level 2. HP: 5/23 MP: 5/5
   970 | D:2      | Gained mutation: You have a pair of horns on your head.
                  | [demonic ancestry]
   970 | D:2      | Reached XP level 3. HP: 19/28 MP: 6/6
  1093 | D:2      | Noticed Sigmund
  1307 | D:2      | Found a bloodstained altar of Trog.
  1716 | D:2      | Gained mutation: You sometimes gain a little power by
                  | taking damage. [demonic ancestry]
  1716 | D:2      | Reached XP level 4. HP: 31/35 MP: 7/7
  2331 | D:3      | Reached XP level 5. HP: 41/42 MP: 8/8
  2340 | D:3      | Learned a level 2 spell: Blink
  2344 | D:3      | Learned a level 3 spell: Vhi's Electric Charge
  2378 | D:3      | Found a shimmering blue altar of Sif Muna.
  2581 | D:4      | Noticed Ijyb
  2625 | D:3      | Killed Ijyb
  3252 | D:4      | Reached XP level 6. HP: 35/49 MP: 9/9
  3596 | D:4      | Found a burning altar of Makhleb.
  3668 | D:4      | HP: 1/50 [black bear (10)]
  3668 | D:4      | Slain by a black bear

Illustrated notes

Levels and vault maps discovered:
D:1:      saegor_arrival_miasma, layout_basic
D:2:      layout_basic, basic_altar, hellmonk_ecumenical_altar_run_dry,
          dk_vineyard_3, lexackson_kobold_supper, uniq_sigmund
D:3:      layout_basic, mainiacjoe_overflow_alcove_2,
          ebering_dispersal_statue_hall
D:4:      layout_loops_ring, nicolae_ru_the_path_less_chosen, zin_scriptorium,
          bloody_makhleb, minmay_misc_feat_pillars, kennysheep_generic_room_2,
          uniq_ijyb, uniq_menkaure

Skill      XL: |  1  2  3  4  5 |
---------------+----------------+-----
Polearms       | 2 3 4 |  4.4
Fighting       | 3 4 |  4.9
Throwing       | |  0.8
Armour         | |  0.8
Dodging        | |  1.7
Spellcasting   | |  2.0
Translocations | |  2.6

Action                     |  1- 3 |  4- 6 || total
---------------------------+-------+-------++-------
  Melee: Spear             |   132 |   194 ||   326
         Headbutt          |    12 |    29 ||    41
         Punch             |       |     3 ||     3
  Throw: Dart              |     6 |    12 ||    18
         Boomerang         |       |     1 ||     1
    Use: Scroll            |     3 |     7 ||    10
         Potion            |       |     2 ||     2
   Stab: Sleeping          |     1 |       ||     1
         Invisible         |       |     3 ||     3
 Armour: Leather armour    |    23 |    20 ||    43
  Dodge: Dodged            |    51 |    88 ||   139
